 Dungeon Crawl Stone Soup version 0.21.1-1-g345015f (webtiles) character file.

19110 mike2R the Destroyer (level 12, -5/67 HPs)
             Began as a Deep Elf Conjurer on Mar 26, 2018.
             Was a Priest of Vehumet.
             Slain by a catoblepas (20 damage)
             ... on level 4 of the Lair of Beasts on Mar 27, 2018.
             The game lasted 02:24:45 (17591 turns).

mike2R the Destroyer (Deep Elf Conjurer)           Turns: 17591, Time: 02:24:46

Health: -5/67      AC: 11    Str:  5    XL:     12   Next: 33%
Magic:  11/39      EV: 15    Int: 26    God:    Vehumet [***...]
Gold:   721        SH:  0    Dex: 17    Spells: 5/35 levels left

rFire    . . .     SeeInvis .   s - +5 spear (distort)
rCold    . . .     Gourm    .   (no shield)
rNeg     + . .     Faith    .   M - +4 troll leather armour
rPois    +         Spirit   .   N - +0 helmet
rElec    .         Reflect  .   (no cloak)
rCorr    .         Harm     .   K - +1 pair of gloves of Amelioration {rN+}
MR       +....                  (no boots)
Stlth    +++.......             B - amulet of magic regeneration
HPRegen  0.61/turn              h - ring of poison resistance
MPRegen  0.51/turn              Q - ring of magical power

@: barbed spikes
A: claws 1, thin skeletal structure 1
a: Renounce Religion


You were on level 4 of the Lair of Beasts.
You worshipped Vehumet.
Vehumet was most pleased with you.
You were not hungry.

You visited 3 branches of the dungeon, and saw 14 of its levels.
You also visited: Ossuary.

You collected 721 gold pieces.

Inventory:

Hand Weapons
 s - a +5 spear of distortion (weapon)
Missiles
 k - 3 poisoned tomahawks
 n - 3 javelins of returning (quivered)
Armour
 K - the +1 pair of gloves of Amelioration (worn) {rN+}
   (You found it on level 8 of the Dungeon)

   It protects you from negative energy.
 M - a +4 troll leather armour (worn)
 N - a +0 helmet (worn)
Magical Staves
 j - a cursed staff of conjuration {unknown}
Jewellery
 f - the amulet "Lidero" {Spirit rN+ Dex-5 Stlth+}
   (You found it on level 4 of the Dungeon)

   [amulet of guardian spirit]

   It causes incoming damage to be split between your health and magic.
   It affects your dexterity (-5).
   It protects you from negative energy.
   It makes you more stealthy.
 h - a ring of poison resistance (left hand)
 w - an uncursed ring of flight
 B - an amulet of magic regeneration (around neck)
 Q - a ring of magical power (right hand)
Wands
 y - a wand of polymorph (13)
 G - a wand of acid (7)
Scrolls
 l - 4 scrolls of teleportation
 o - 3 scrolls of magic mapping
 r - 2 scrolls of torment
 t - 4 scrolls of immolation
 S - 4 scrolls of blinking
Potions
 g - 3 potions of brilliance {unknown}
 i - a potion of ambrosia {unknown}
 m - 3 potions of degeneration {unknown}
 p - a potion of haste {unknown}
 q - a potion of resistance {unknown}
 u - 4 potions of heal wounds
 v - 4 potions of lignification
 D - a potion of might {unknown}
 E - 10 potions of curing {unknown}
 J - a potion of cancellation {unknown}
 O - 2 potions of agility {unknown}
 U - a potion of magic {unknown}
Comestibles
 c - 20 rations


   Skills:
 - Level 4.5 Fighting
 - Level 6.7 Polearms
 - Level 0.2 Throwing
 - Level 1.5 Armour
 - Level 7.1 Dodging
 - Level 2.4 Stealth
 - Level 0.1 Unarmed Combat
 + Level 12.1 Spellcasting
 - Level 12.5 Conjurations
 - Level 5.6 Hexes
 - Level 7.0 Translocations
 - Level 3.4 Transmutations


You had 5 spell levels left.
You knew the following spells:

 Your Spells              Type           Power        Failure   Level  Hunger
a - Magic Dart            Conj           ####         1%          1    None
b - Inner Flame           Hex/Fire       ####....     1%          3    None
c - Dazzling Spray        Conj/Hex       ######       1%          3    None
d - Iskenderun's Mystic   Conj           ######..     1%          4    None
e - Fulminant Prism       Conj/Hex       ######....   1%          4    None
f - Force Lance           Conj/Tloc      ######..     1%          4    None
g - Confuse               Hex            #####...     1%          3    None
h - Gell's Gravitas       Tloc           ######....   1%          3    None
i - Yara's Violent Unrav  Hex/Tmut       #####.....   7%          5    ###....


Dungeon Overview and Level Annotations

Branches:
Dungeon (9/15)             Temple (1/1) D:6            Lair (4/6) D:9
 Shoals (0/4) Lair:3        Snake (0/4) Lair:3
    Orc: D:9-12

Altars:
Ashenzari
Cheibriados
Dithmenos
Elyvilon
Fedhas
Gozag
Hepliaklqana
Kikubaaqudgha
Makhleb
Nemelex Xobeh
Okawaru
Qazlal
Ru
Sif Muna
Trog
Uskayaw
Vehumet
Wu Jian
Xom
Yredelemnul
Zin
The Shining One

Shops:
D:9 :


Innate Abilities, Weirdness & Mutations

You have sharp fingernails.
You have a somewhat thin skeletal structure. (Dex +2, Stealth)


Message History

You hear a howl!
You hear a loud, deep croak!
Casting: Fulminant Prism
Confirm with . or Enter, or press ? or * to list all spells.
Aiming: Fulminant Prism
Press: ? - help, Dir - move target cursor You conjure a prism of explosive energy!
The catoblepas gores you but does no damage.
You hit the catoblepas but do no damage.
Space warps horribly around the catoblepas!
The catoblepas is severely wounded.
You hit the catoblepas but do no damage.
The catoblepas looks slightly unstable.
The catoblepas is severely wounded.
The catoblepas gores you!!
* * * LOW HITPOINT WARNING * * *
Your fulminant prism crackles loudly.
You hit the catoblepas.
Space bends around the catoblepas.
The catoblepas is almost dead.
The catoblepas gores you!!
You die...

P.. #### ...
####
#$..##.##...#
#.?≈≈#.#≈≈$.#
#.≈..≈.≈..≈.#
#≈.......≈#
#≈.≈≈†.≈#
#..≈@≈..#
#≈.Y≈≈.≈#
#≈*.H....≈#
#.≈..≈.≈./≈.#
#.$≈≈#+#≈≈$.#
#...# #...#
#### ####


You could see a catoblepas, a manticore and a friendly fulminant prism.

Vanquished Creatures
  2 hydras
  3 death yaks
  Pikel (D:3)
  A manticore (Lair:4)
  A spiny frog (Lair:2)
  A rime drake (Lair:1)
  3 komodo dragons
  2 trolls
  A hornet (D:7)
  Prince Ribbit (D:7)
  The ghost of Kairos the Cudgeler, an amateur HuSk (D:3)
  7 blink frogs
  2 hippogriffs
  A slime creature (D:9)
  Sigmund (D:3)
  13 yaks
  A wyvern (D:7)
  A hungry ghost (D:8)
  2 basilisks
  A warg (D:9)
  2 water moccasins
  2 orc warriors (D:9)
  4 porcupines
  A sky beast (D:9)
  A hornet zombie (D:8)
  2 ice beasts (D:9)
  4 slaves
  A necrophage (D:9)
  4 ogres
  An eye of draining (D:9)
  4 crocodiles
  7 centaurs
  A big kobold (D:7)
  8 bullfrogs
  A wyvern zombie (D:6)
  A water moccasin zombie (Ossuary)
  51 killer bees
  3 scorpions
  5 wights (D:7)
  A howler monkey (D:8)
  7 crimson imps
  A quasit (D:8)
  2 bullfrog zombies
  2 centaur zombies (Ossuary)
  3 hounds
  A centaur skeleton (D:7)
  3 orc priests (D:9)
  A bullfrog skeleton (D:8)
  2 jellies
  3 iguanas
  Ijyb (D:1)
  8 orc wizards
  7 worker ants
  2 killer bee zombies (Ossuary)
  5 hound zombies
  15 mummies (Ossuary)
  A worker ant zombie (D:7)
  A hound skeleton (D:9)
  A howler monkey zombie (Ossuary)
  10 gnolls
  4 adders
  2 shadow imps
  An ooze (D:5)
  3 adder zombies (Ossuary)
  An adder skeleton (D:6)
  A dart slug (D:1)
  9 leopard geckos
  29 orcs
  6 giant cockroaches
  15 goblins
  5 hobgoblins
  9 jackals
  11 kobolds
  2 quokkas
  A ball python (D:3)
  10 bats
  4 frilled lizards
  A giant cockroach zombie (Ossuary)
  A jackal skeleton (D:8)
  A jackal zombie (D:8)
  A leopard gecko zombie (Ossuary)
  A quokka skeleton (D:5)
  3 quokka zombies
  4 rats
351 creatures vanquished.

Vanquished Creatures (others)
  A yak (Lair:1)
  A warg (D:9)
  A porcupine (Lair:1)
  A necrophage (D:6)
  An ogre (D:9)
  A wyvern zombie (Ossuary)
  A bullfrog (D:5)
  2 killer bees (Lair:1)
  A mummy (Ossuary)
  61 fulminant prisms
  3 fungi
  A plant (Lair:1)
  2 withered plants (Ossuary)
77 creatures vanquished.

Grand Total: 428 creatures vanquished

Notes
Turn   | Place    | Note
-------+----------+-------------------------------------------
     0 | D:1      | mike2R the Deep Elf Conjurer began the quest for the Orb.
     0 | D:1      | Reached XP level 1. HP: 10/10 MP: 6/6
   242 | D:1      | Reached XP level 2. HP: 15/15 MP: 2/8
   248 | D:1      | Learned a level 2 spell: Searing Ray
   500 | D:1      | Reached skill level 5 in Conjurations
   814 | D:1      | Reached XP level 3. HP: 19/19 MP: 4/9
   819 | D:1      | Learned a level 3 spell: Dazzling Spray
  1262 | D:2      | Noticed Ijyb
  1377 | D:1      | Paralysed by Ijyb for 4 turns
  1385 | D:1      | Paralysed by Ijyb for 7 turns
  1487 | D:1      | Killed Ijyb
  1487 | D:1      | Reached XP level 4. HP: 17/24 MP: 4/11
  1652 | D:2      | Found a bloodstained altar of Trog.
  2106 | D:2      | Found a shimmering altar of Xom.
  2300 | D:3      | Noticed Sigmund
  2344 | D:3      | Reached XP level 5. HP: 28/28 MP: 7/13
  2391 | D:3      | Learned a level 4 spell: Iskenderun's Mystic Blast
  2469 | D:3      | Noticed Kairos's ghost (amateur HuSk)
  2514 | D:3      | Killed Sigmund
  2514 | D:3      | Reached skill level 5 in Spellcasting
  2514 | D:3      | Reached XP level 6. HP: 14/33 MP: 2/15
  3097 | D:3      | Killed Kairos's ghost
  3097 | D:3      | Reached skill level 1 in Armour
  3825 | D:3      | Learned a level 4 spell: Fulminant Prism
  3860 | D:4      | Noticed Pikel
  3860 | D:4      | Noticed a slave
  3860 | D:4      | Noticed a slave
  3860 | D:4      | Noticed a slave
  3860 | D:4      | Noticed a slave
  3863 | D:4      | Killed a slave
  4048 | D:4      | Killed a slave
  4059 | D:3      | Reached XP level 7. HP: 23/37 MP: 5/18
  4066 | D:3      | Learned a level 4 spell: Force Lance
  4362 | D:4      | Reached skill level 1 in Hexes
  4455 | D:3      | Killed Pikel
  4455 | D:3      | Reached skill level 5 in Dodging
  4455 | D:3      | Reached skill level 5 in Hexes
  4455 | D:3      | Reached XP level 8. HP: 14/42 MP: 1/19
  4688 | D:4      | Found a shadowy altar of Dithmenos.
  4690 | D:4      | Got a faintly glowing silver amulet
  4691 | D:4      | Identified the amulet "Lidero" {Spirit rN+ Dex-5 Stlth+} (You found it on level 4 of the Dungeon)
  5241 | D:4      | Found a radiant altar of Vehumet.
  5244 | D:4      | Became a worshipper of Vehumet
  5288 | D:5      | Entered Level 5 of the Dungeon
  5322 | D:5      | Reached skill level 1 in Fighting
  5548 | D:5      | Reached skill level 1 in Polearms
  6347 | D:5      | Noticed a hippogriff
  6359 | D:5      | Killed a hippogriff
  6483 | D:6      | Found an ancient bone altar of Kikubaaqudgha.
  6492 | D:6      | Got a crude leather armour
  6503 | D:6      | Identified the cursed +1 leather armour of Mokugote {rPois Int-5 Dex-4 Slay+5} (You found it on level 6 of the Dungeon)
  6580 | D:6      | Found a sand-covered staircase.
  6589 | Ossuary  | Entered an ossuary
  6618 | Ossuary  | Reached * piety under Vehumet
  6618 | Ossuary  | Offered knowledge of Freeze by Vehumet.
  6915 | Ossuary  | Reached XP level 9. HP: 26/52 MP: 7/20
  8110 | D:6      | Found a burning altar of Makhleb.
  8508 | D:6      | Reached ** piety under Vehumet
  8508 | D:6      | Offered knowledge of Sting by Vehumet.
  8788 | D:6      | Found an iron altar of Okawaru.
  8924 | D:6      | Found a staircase to the Ecumenical Temple.
  8933 | Temple   | Entered the Ecumenical Temple
  9490 | D:7      | Learned a level 3 spell: Confuse
  9513 | D:7      | Offered knowledge of Throw Flame by Vehumet.
  9790 | D:7      | Noticed Prince Ribbit
  9806 | D:7      | Reached skill level 1 in Translocations
  9808 | D:7      | Killed Prince Ribbit
  9813 | D:7      | Learned a level 3 spell: Gell's Gravitas
 10135 | D:7      | Reached XP level 10. HP: 58/58 MP: 15/25
 10241 | D:7      | Reached *** piety under Vehumet
 10746 | D:7      | Found a white marble altar of Elyvilon.
 10986 | D:8      | Reached skill level 10 in Spellcasting
 10999 | D:8      | Reached skill level 5 in Translocations
 11023 | D:8      | Offered knowledge of Conjure Flame by Vehumet.
 11806 | D:8      | Found a sparkling altar of Nemelex Xobeh.
 11869 | D:8      | Got a pair of heavily runed gloves
 11875 | D:8      | Identified the +1 pair of gloves of Amelioration {rN+} (You found it on level 8 of the Dungeon)
 11889 | D:9      | Found Plog's Book Emporium.
 11910 | D:9      | Learned a level 5 spell: Yara's Violent Unravelling
 11926 | D:9      | Reached skill level 1 in Transmutations
 12356 | D:9      | Reached **** piety under Vehumet
 12498 | D:9      | Found a staircase to the Lair.
 12510 | D:9      | Found a hide-covered altar of Uskayaw.
 12600 | D:9      | Offered knowledge of Inner Flame by Vehumet.
 13202 | D:9      | Learned a level 3 spell: Inner Flame
 13234 | Lair:1   | Entered Level 1 of the Lair of Beasts
 13270 | Lair:1   | Reached XP level 11. HP: 36/62 MP: 12/28
 13482 | D:9      | Reached skill level 5 in Polearms
 13810 | Lair:1   | Noticed a four-headed hydra
 13820 | Lair:1   | Killed a four-headed hydra
 14168 | Lair:1   | Reached ***** piety under Vehumet
 14175 | Lair:1   | Offered knowledge of Throw Icicle by Vehumet.
 14935 | Lair:1   | Gained mutation: You have sharp fingernails. [potion of mutation]
 14935 | Lair:1   | Gained mutation: You have a somewhat thin skeletal structure. (Dex +2, Stealth) [potion of mutation]
 15177 | Lair:2   | Noticed a six-headed hydra
 15183 | Lair:2   | Reached skill level 10 in Conjurations
 15184 | Lair:2   | Killed a six-headed hydra
 16340 | Lair:3   | Noticed a death yak
 16348 | Lair:3   | Noticed a death yak
 16350 | Lair:3   | Noticed a death yak
 16373 | Lair:2   | Killed a death yak
 16373 | Lair:2   | Reached XP level 12. HP: 12/67 MP: 19/29
 16504 | Lair:3   | Found a staircase to the Shoals.
 16595 | Lair:3   | Killed a death yak
 16597 | Lair:3   | Killed a death yak
 16969 | Lair:3   | Found a staircase to the Snake Pit.
 17576 | Lair:4   | Noticed a catoblepas
 17576 | Lair:4   | Noticed a catoblepas
 17591 | Lair:4   | Slain by a catoblepas

Skill      XL: |  1  2  3  4  5  6  7  8  9 10 11 12 |
---------------+-------------------------------------+-----
Conjurations   | 5 6 7 8 11 12 | 12.5
Spellcasting   | 4 5 6 9 11 12 | 12.1
Armour         | 1 |  1.5
Hexes          | 5 |  5.6
Dodging        | 5 7 |  7.1
Fighting       | 3 4 |  4.5
Polearms       | 3 4 6 |  6.7
Translocations | 3 5 7 |  7.0
Transmutations | 3 |  3.4
Throwing       | |  0.2
Stealth        | |  2.4
Unarmed Combat | |  0.1

Action                   |  1- 3 |  4- 6 |  7- 9 | 10-12 || total
-------------------------+-------+-------+-------+-------++-------
Melee: Unarmed           |     1 |       |       |       ||     1
       Short sword       |     6 |     2 |       |       ||     8
       Spear             |       |       |   193 |   198 ||   391
Throw: Javelin           |     1 |     3 |     1 |     2 ||     7
 Cast: Magic Dart        |    60 |    71 |   236 |   154 ||   521
       Searing Ray       |     3 |     8 |     6 |     2 ||    19
       Dazzling Spray    |     1 |     2 |     3 |     2 ||     8
       Iskenderun's Myst |       |     8 |    30 |   117 ||   155
       Fulminant Prism   |       |       |    13 |    49 ||    62
       Gell's Gravitas   |       |       |       |    29 ||    29
       Force Lance       |       |       |       |     9 ||     9
       Confuse           |       |       |       |     7 ||     7
       Yara's Violent Un |       |       |       |     1 ||     1
 Abil: Evoke Flight      |       |       |     2 |       ||     2
  Use: Scroll            |     5 |     3 |    14 |    10 ||    32
       Potion            |       |       |     2 |     4 ||     6
 Stab: Sleeping          |       |       |     2 |       ||     2
       Distracted        |       |       |     2 |       ||     2
  Eat: Chunk             |     1 |     8 |    14 |    17 ||    40
       Ration            |       |       |     3 |     2 ||     5
Armor: Robe              |    11 |       |       |       ||    11
       Leather armour    |       |     9 |    45 |    12 ||    66
       Troll leather arm |       |       |       |    66 ||    66
Dodge: Dodged            |    18 |    18 |   119 |   244 ||   399
